 Dungeon Crawl Stone Soup version 0.22.0-16-gc6d26f6 (webtiles) character file.

11397 Gremour the Basher (level 11, -2/64 HPs)
             Began as a Gargoyle Chaos Knight on Aug 17, 2018.
             Killed from afar by a gargoyle (15 damage)
             ... with a stone arrow
             ... on level 12 of the Dungeon.
             The game lasted 01:28:02 (11646 turns).

Gremour the Basher (Gargoyle Chaos Knight)         Turns: 11646, Time: 01:28:02

Health: -2/64      AC: 23    Str: 17    XL:     11   Next: 77%
Magic:  11/11      EV:  9    Int:  8    God:    Xom [....*.]
Gold:   654        SH: 10    Dex: 16    Spells: 10/10 levels left

rFire    + + .     SeeInvis .   a - +0 mace (chaos)
rCold    . . .     Gourm    .   c - +0 shield
rNeg     + . .     Faith    +   r - +3 ring mail {rF+}
rPois    ∞         Spirit   .   K - +0 helmet
rElec    +         Reflect  .   (no cloak)
rCorr    .         Harm     .   k - +0 pair of gloves (curse)
MR       +....                  (no boots)
Stlth    +.........             A - amulet of faith
HPRegen  0.20/turn              C - ring of protection from fire
MPRegen  0.12/turn              v - +2 ring of dexterity

@: no status effects
A: thin metallic scales 1, agile 1, blink, dopey 2, frail 1, magic resistance 1,
negative energy resistance 1, electricity resistance, unbreathing, petrification
resistance, rot immunity, AC +8
a: Blink, Renounce Religion


You were on level 12 of the Dungeon.
You worshipped Xom.
You were a beloved toy of Xom.
You were not hungry.

You visited 1 branch of the dungeon, and saw 12 of its levels.

You collected 719 gold pieces.
You spent 65 gold pieces at shops.

Inventory:

Hand Weapons
 a - a +0 mace of chaos (weapon)
 D - a +0 war axe of chopping
 G - a +2 whip of electrocution
 J - a +0 great mace of chaos
Missiles
 E - 144 arrows
 M - 2 silver tomahawks
 N - 4 exploding tomahawks (quivered)
Armour
 c - a +0 shield (worn)
 k - a cursed +0 pair of gloves (worn)
 r - a +3 ring mail of fire resistance (worn)
 K - a +0 helmet (worn)
Magical Staves
 t - an uncursed staff of cold
Jewellery
 u - an uncursed ring of positive energy
 v - a +2 ring of dexterity (right hand)
 w - the ring of Shadows {Umbra +Inv Stlth+}
   (You found it on level 9 of the Dungeon)

   [ring of stealth]

   It lets you turn invisible.
   It makes you more stealthy.
 A - an amulet of faith (around neck)
 B - an uncursed ring of ice
 C - a ring of protection from fire (left hand)
 I - the ring of Xom's Hope {Fire +Inv Str-4 Int+4 Slay+2}
   (You found it on level 8 of the Dungeon)

   [ring of fire]

   It enhances your fire magic.
   It affects your strength (-4).
   It affects your intelligence (+4).
   It affects your accuracy and damage with ranged weapons and melee attacks
   (+2).
   It protects you from fire.
   It makes you vulnerable to cold.
   It lets you turn invisible.
 L - an uncursed ring of flight
Wands
 l - a wand of digging (17)
 s - a wand of iceblast (6)
 y - a wand of flame (52)
 F - a wand of disintegration (23)
 H - a wand of acid (8)
 P - a wand of random effects (56)
 Q - a wand of paralysis (8)
Scrolls
 b - 12 scrolls of identify
 f - 2 scrolls of random uselessness {unknown}
 g - 8 scrolls of enchant weapon {unknown}
 h - 10 scrolls of remove curse {unknown}
 i - 6 scrolls of teleportation {unknown}
 m - 6 scrolls of enchant armour
 n - 2 scrolls of noise {unknown}
 o - 2 scrolls of fog {unknown}
 p - 6 scrolls of amnesia {unknown}
 x - a scroll of fear {unknown}
Potions
 d - 5 potions of brilliance
 j - 5 potions of curing
 q - 2 potions of flight
 z - 2 potions of lignification
Comestibles
 e - 22 rations


   Skills:
 * Level 9.8 Fighting
 + Level 12.7 Maces & Flails
 * Level 10.3 Armour
 - Level 0.7 Dodging
 * Level 4.9 Shields


You had 10 spell levels left.
You didn't know any spells.
Your spell library contained the following spells:

 Spells                   Type           Power        Failure   Level  Hunger
 Fireball                 Conj/Fire      #.........   100%        5    ######.
 Apportation              Tloc           #.....       95%         1    ##.....
 Conjure Flame            Conj/Fire      #.......     100%        3    ####...
 Invisibility             Hex            #.......     100%        6    #######
 Throw Flame              Conj/Fire      #.....       98%         2    ###....
 Sticky Flame             Conj/Fire      #.......     100%        4    #####..
 Tukima's Dance           Hex            #.......     100%        3    ####...
 Statue Form              Tmut/Erth      #........    100%        6    #######
 Dragon Form              Tmut           #.........   100%        7    #######
 Flame Tongue             Conj/Fire      #....        95%         1    ##.....
 Summon Butterflies       Summ           #.......     95%         1    ##.....
 Alistair's Intoxication  Tmut/Pois      #.......     100%        5    ######.
 Inner Flame              Hex/Fire       #.......     100%        3    ####...
 Hydra Form               Tmut           #.........   100%        6    #######
 Irradiate                Conj/Tmut      #.........   100%        5    ######.
 Lesser Beckoning         Tloc           #.........   100%        3    ####...


Dungeon Overview and Level Annotations

Branches:
Dungeon (12/15)            Temple (0/1) D:5            Lair (0/6) D:8
    Orc (0/2) D:9

Altars:
Ashenzari
Cheibriados
Dithmenos
Gozag
Hepliaklqana
Kikubaaqudgha
Nemelex Xobeh
Okawaru
Sif Muna
Trog
Vehumet
Wu Jian
Xom
Yredelemnul
Zin

Shops:
D:5 !


Innate Abilities, Weirdness & Mutations

You are resistant to torment.
Your stone body is resilient. (AC +8)
You are immune to poison.
You resist negative energy. (rN+)
You are resistant to electric shocks. (rElec)
You can survive without breathing.
You are immune to petrification.
You are immune to rotting.
You are partially covered in thin metallic scales. (AC +2)
You are agile. (Dex +2)
You can translocate small distances at will.
You are very dopey. (Int -4)
You are frail. (-10% HP)
You are resistant to hostile enchantments. (MR+)


Message History

Your shield prevents you from hitting something.
Something hits you but does no damage.
You sock something! You freeze something. You hit something.
You burn something.
A stone arrow appears from out of thin air!
The stone arrow hits you!
You barely miss something.
A stone arrow appears from out of thin air!
The stone arrow hits you!
* * * LOW HITPOINT WARNING * * *
You closely miss something. Something hits you but does no damage.
You closely miss something.
A stone arrow appears from out of thin air!
The stone arrow misses you.
Okay, then.
You closely miss something.
A stone arrow appears from out of thin air!
The stone arrow hits you!
You die... "Boring in life, boring in death..."

#..... #............
#..... #............
#....#######.##...##.
#....#.....#.##...##
#....#...#.#(......#
#....#...#.#.......#
+....'...#.#.......#
#+####.....###(#########
..........{@.............
.....................##.
..................(..#
.....................#
........................
########################


There were no monsters in sight!

Vanquished Creatures
  A hydra (D:10)
  A two-headed ogre (D:11)
  The ghost of zkyp the Cleaver, a novice DgAs (D:8)
  2 unseen horrors
  2 cyclopes
  The ghost of HydraWiggins the Ducker, a novice TrAE (D:5)
  A rime drake (D:11)
  2 hippogriffs
  Sigmund (D:6)
  A wyvern (D:8)
  3 yaks (D:11)
  A vampire (D:9)
  2 humans (D:9)
  Grum (D:11)
  A hungry ghost (D:8)
  Menkaure (D:7)
  A warg (D:11)
  3 ice beasts (D:8)
  6 orc warriors
  5 ogres
  A phantom (D:11)
  A wolf (D:5)
  4 centaurs
  5 bullfrogs
  2 big kobolds
  A gnoll sergeant (D:10)
  4 scorpions
  2 killer bees
  2 vampire bats (D:10)
  A howler monkey (D:8)
  2 electric eels (D:10)
  7 crimson imps
  2 centaur zombies (D:6)
  2 quasits (D:5)
  2 jellies
  3 hounds
  A bullfrog skeleton (D:7)
  A gnoll shaman (D:10)
  6 orc priests
  13 orc wizards
  3 iguanas
  5 worker ants
  A hound skeleton (D:6)
  A killer bee simulacrum (D:8)
  A worker ant zombie (D:9)
  8 gnolls (D:10)
  2 howler monkey skeletons
  5 adders
  3 shadow imps
  3 white imps (D:8)
  A worker ant simulacrum (D:8)
  7 oozes (D:3)
  2 adder skeletons
  An adder zombie (D:10)
  2 worms
  A dart slug (D:3)
  An adder simulacrum (D:8)
  4 leopard geckos
  41 orcs
  A ball python (D:1)
  5 giant cockroaches
  10 goblins
  14 hobgoblins
  10 jackals
  19 kobolds
  3 quokkas
  A ball python skeleton (D:4)
  12 bats
  11 frilled lizards
  A leopard gecko skeleton (D:6)
  A quokka skeleton (D:5)
  9 rats
288 creatures vanquished.

Vanquished Creatures (collateral kills)
  The ghost of Inarius the Carver, a novice MiAK of Lugonu (D:9)
  A phantom (D:5)
  2 orc wizards (D:5)
  An orc (D:5)
  A goblin (D:3)
  A kobold (D:3)
  A quokka (D:8)
8 creatures vanquished.

Vanquished Creatures (others)
  A wyvern (D:11)
  A quasit (D:11)
  An orc wizard (D:10)
  An orc (D:10)
  A kobold (D:10)
  A fungus (D:3)
  6 toadstools (D:3)
12 creatures vanquished.

Grand Total: 308 creatures vanquished

Notes
Turn   | Place    | Note
-------+----------+-------------------------------------------
     0 | D:1      | Gremour the Gargoyle Chaos Knight began the quest for the Orb.
     0 | D:1      | Reached XP level 1. HP: 14/14 MP: 1/1
   118 | D:1      | Reached XP level 2. HP: 19/19 MP: 2/2
   283 | D:1      | XOM: potion effect (invisibility)
   297 | D:1      | XOM: divination: detect items
   349 | D:1      | XOM: divination: detect creatures
   455 | D:1      | XOM: harmless Pois miscast
   457 | D:1      | Reached skill level 4 in Maces & Flails
   602 | D:1      | Reached XP level 3. HP: 23/23 MP: 3/3
   749 | D:1      | XOM: harmless Tmut miscast
  1265 | D:2      | Found a basalt altar of Yredelemnul.
  1390 | D:2      | XOM: harmless Pois miscast
  1616 | D:2      | Noticed a scorpion
  1622 | D:2      | XOM: confuse monster(s)
  1634 | D:2      | XOM: enchant monster (bad)
  1638 | D:2      | XOM: blink monster(s)
  1669 | D:2      | Reached XP level 4. HP: 15/28 MP: 4/4
  1673 | D:2      | Reached skill level 5 in Maces & Flails
  1721 | D:2      | XOM: give mutations
  1721 | D:2      | Gained mutation: Armour fits poorly on your strangely shaped body. [Xom's mischief]
  1721 | D:2      | Gained mutation: You are frail. (-10% HP) [Xom's mischief]
  1721 | D:2      | Gained mutation: Scrolls take you a little longer to read. [Xom's mischief]
  1721 | D:2      | Gained mutation: You passively map a small area around you. [Xom's mischief]
  1802 | D:2      | Reached XP level 5. HP: 23/28 MP: 5/5
  1991 | D:2      | XOM: give mutation
  1991 | D:2      | Gained mutation: You are resistant to hostile enchantments. (MR+) [Xom's mischief]
  2122 | D:3      | Found a snail-covered altar of Cheibriados.
  2135 | D:3      | Reached skill level 6 in Maces & Flails
  2139 | D:3      | XOM: summons friendly quasit
  2161 | D:3      | XOM: butterfly on damage
  2194 | D:3      | Reached XP level 6. HP: 21/33 MP: 6/6
  2504 | D:3      | Lost mutation: You passively map a small area around you. [potion of mutation]
  2504 | D:3      | Lost mutation: Scrolls take you a little longer to read. [potion of mutation]
  2504 | D:3      | Lost mutation: You are resistant to hostile enchantments. (MR+) [potion of mutation]
  2504 | D:3      | Lost mutation: You are frail. (-10% HP) [potion of mutation]
  2504 | D:3      | Gained mutation: You are dopey. (Int -2) [potion of mutation]
  2504 | D:3      | Gained mutation: You are robust. (+10% HP) [potion of mutation]
  2504 | D:3      | Gained mutation: You have a pair of small horns on your head. [potion of mutation]
  2619 | D:3      | XOM: mild Erth miscast
  2809 | D:4      | XOM: polymorph orc -> frilled lizard
  2853 | D:4      | Lost mutation: Armour fits poorly on your strangely shaped body. [potion of mutation]
  2853 | D:4      | Lost mutation: You have a pair of small horns on your head. [potion of mutation]
  2853 | D:4      | Lost mutation: You are robust. (+10% HP) [potion of mutation]
  2853 | D:4      | Gained mutation: You are partially covered in thin metallic scales. (AC +2) [potion of mutation]
  2853 | D:4      | Gained mutation: You can translocate small distances at will. [potion of mutation]
  2892 | D:4      | XOM: divination: detect creatures
  2930 | D:4      | Reached skill level 7 in Maces & Flails
  3004 | D:4      | XOM: harmless Air miscast
  3103 | D:4      | XOM: enchant monster (good)
  3112 | D:4      | XOM: scenery: create altars
  3166 | D:4      | Found a glowing silver altar of Zin.
  3241 | D:4      | Found a shadowy altar of Dithmenos.
  3367 | D:5      | Entered Level 5 of the Dungeon
  3370 | D:5      | Noticed a phantom
  3375 | D:5      | XOM: fog
  3376 | D:5      | XOM: cast spell 'Call Canine Familiar'
  3389 | D:5      | XOM: mild Conj miscast
  3395 | D:5      | Killed a phantom
  3395 | D:5      | Reached XP level 7. HP: 29/41 MP: 7/7
  3402 | D:5      | Found a transporter.
  3408 | D:5      | Found a transporter.
  3411 | D:5      | Noticed HydraWiggins's ghost (novice TrAE)
  3424 | D:5      | XOM: god gift: 36 gold pieces
  3529 | D:5      | XOM: cast spell 'Disjunction'
  3539 | D:5      | XOM: confusion
  3571 | D:5      | Killed HydraWiggins's ghost
  3571 | D:5      | Reached skill level 8 in Maces & Flails
  3571 | D:5      | Reached XP level 8. HP: 27/46 MP: 8/8
  3832 | D:5      | XOM: summons friendly crimson imp
  3868 | D:5      | XOM: harmless Summ miscast
  4024 | D:5      | Found a staircase to the Ecumenical Temple.
  4095 | D:5      | Found an opulent altar of Gozag.
  4105 | D:5      | Found Badilecu's Distillery.
  4108 | D:5      | Found an ornate altar of the Wu Jian Council.
  4110 | D:5      | Bought a potion of heal wounds for 65 gold pieces
  4126 | D:5      | XOM: polymorph quasit -> crimson imp
  4135 | D:5      | XOM: polymorph crimson imp -> quasit
  4144 | D:5      | Reached skill level 9 in Maces & Flails
  4208 | D:5      | XOM: confusion
  4452 | D:5      | XOM: scenery: create altars
  4871 | D:6      | XOM: 1-stop teleportation journey
  4917 | D:6      | Noticed Sigmund
  4920 | D:6      | Reached skill level 5 in Armour
  5009 | D:6      | Killed Sigmund
  5429 | D:6      | Found a sparkling altar of Nemelex Xobeh.
  5727 | D:6      | XOM: medium Air miscast
  5788 | D:6      | Reached skill level 10 in Maces & Flails
  5869 | D:7      | Reached XP level 9. HP: 37/51 MP: 9/9
  5928 | D:7      | Noticed Menkaure
  5937 | D:7      | Killed Menkaure
  6291 | D:7      | XOM: confuse monster(s)
  6298 | D:7      | XOM: medium Conj miscast
  6357 | D:7      | XOM: 2-stop teleportation journey
  6370 | D:7      | Found a deep blue altar of Sif Muna.
  6536 | D:7      | XOM: butterfly on damage
  6742 | D:8      | XOM: enchant monster (good)
  6770 | D:8      | Found a runed gate.
  6770 | D:8      | Found a runed gate.
  6786 | D:8      | XOM: 2-stop teleportation journey
  6819 | D:8      | XOM: confuse monster(s)
  6838 | D:8      | Reached skill level 11 in Maces & Flails
  6844 | D:8      | XOM: cast spell 'Summon Small Mammal'
  6851 | D:8      | Reached skill level 5 in Fighting
  6876 | D:8      | XOM: harmless Pois miscast
  6903 | D:8      | XOM: give mutations
  6903 | D:8      | Gained mutation: You are frail. (-10% HP) [Xom's mischief]
  6903 | D:8      | Gained mutation: Scrolls take you a little longer to read. [Xom's mischief]
  6903 | D:8      | Gained mutation: You are very frail. (-20% HP) [Xom's mischief]
  6934 | D:8      | Noticed zkyp's ghost (novice DgAs)
  6961 | D:8      | Found a runed gate.
  7006 | D:8      | XOM: mild Pois miscast
  7012 | D:8      | XOM: summons 2 friendly demons
  7027 | D:8      | Killed zkyp's ghost
  7027 | D:8      | Reached XP level 10. HP: 48/48 MP: 10/10
  7059 | D:8      | XOM: harmless Hex miscast
  7093 | D:8      | Got the ring of Xom's Hope {Fire}
  7095 | D:8      | Identified the ring of Xom's Hope {Fire +Inv Str-4 Int+4 Slay+2} (You found it on level 8 of the Dungeon)
  7154 | D:8      | Found a shattered altar of Ashenzari.
  7253 | D:8      | XOM: mild Necr miscast
  7287 | D:8      | XOM: noise
  7304 | D:8      | XOM: 3-stop teleportation journey
  7547 | D:8      | Found a staircase to the Lair.
  7583 | D:8      | Found an ancient bone altar of Kikubaaqudgha.
  7659 | D:8      | XOM: mild Chrm miscast
  7810 | D:8      | XOM: mild Fire miscast
  8007 | D:9      | Found a radiant altar of Vehumet.
  8118 | D:9      | XOM: divination: magic mapping
  8281 | D:9      | XOM: stat loss: -1 Str (16/17)
  8382 | D:9      | Found a staircase to the Orcish Mines.
  8405 | D:9      | XOM: blink monster(s)
  8413 | D:9      | XOM: 9-stop teleportation journey
  8442 | D:9      | Found a runed door.
  8442 | D:9      | Noticed Inarius's ghost (novice MiAK)
  8443 | D:9      | Found the ring of Shadows {Umbra +Inv Stlth+}
  8447 | D:9      | XOM: cast spell 'Monstrous Menagerie'
  8452 | D:9      | Killed Inarius's ghost
  8484 | D:9      | Found a bloodstained altar of Trog.
  8670 | D:9      | XOM: god gift: 46 gold pieces
  8686 | D:9      | XOM: scenery: create altars
  8859 | D:9      | XOM: scenery: 1 doors open
  8897 | D:9      | Found an iron altar of Okawaru.
  8901 | D:9      | XOM: god gift: glowing great mace {god gift}
  8904 | D:9      | XOM: divination: magic mapping
  8910 | D:9      | XOM: confuse monster(s)
  8913 | D:9      | XOM: cleaving
  8996 | D:9      | Found a hazy altar of Hepliaklqana.
  9023 | D:10     | Entered Level 10 of the Dungeon
  9111 | D:10     | XOM: potion effect (brilliance)
  9115 | D:10     | XOM: silly message
  9131 | D:10     | XOM: harmless Hex miscast
  9156 | D:10     | Reached skill level 12 in Maces & Flails
  9192 | D:10     | Noticed an eight-headed hydra
  9360 | D:10     | XOM: potion effect (haste)
  9379 | D:10     | Lost mutation: Scrolls take you a little longer to read. [potion of mutation]
  9379 | D:10     | Lost mutation: You are very frail. (-20% HP) [potion of mutation]
  9379 | D:10     | Lost mutation: You are frail. (-10% HP) [potion of mutation]
  9379 | D:10     | Gained mutation: You are very dopey. (Int -4) [potion of mutation]
  9379 | D:10     | Gained mutation: You are frail. (-10% HP) [potion of mutation]
  9379 | D:10     | Gained mutation: You are resistant to hostile enchantments. (MR+) [potion of mutation]
  9421 | D:10     | XOM: divination: detect creatures
  9433 | D:10     | Killed an eight-headed hydra
  9433 | D:10     | Reached XP level 11. HP: 33/62 MP: 11/11
  9437 | D:10     | XOM: noise
  9650 | D:10     | Reached skill level 1 in Shields
  9751 | D:10     | XOM: harmless Pois miscast
  9775 | D:10     | XOM: mild Air miscast
  9967 | D:11     | Found an ornate altar of the Wu Jian Council.
 10029 | D:11     | Noticed Grum
 10034 | D:11     | XOM: enchant monster (good)
 10049 | D:11     | XOM: harmless Air miscast
 10078 | D:11     | XOM: summons friendly crimson imp
 10331 | D:11     | Killed Grum
 10339 | D:11     | XOM: polymorph wolf -> killer bee
 10346 | D:11     | XOM: scenery: create altars
 10359 | D:11     | XOM: enchant monster (good)
 10657 | D:11     | Killed an unseen horror
 10914 | D:11     | XOM: give mutation
 10914 | D:11     | Gained mutation: You are agile. (Dex +2) [Xom's grace]
 10974 | D:11     | XOM: polymorph sky beast -> warg
 10979 | D:11     | Reached skill level 10 in Armour
 11006 | D:11     | XOM: scenery: 2 doors close
 11015 | D:11     | Noticed Fannar
 11018 | D:11     | XOM: confuse monster(s)
 11030 | D:11     | XOM: cleaving
 11036 | D:11     | XOM: chaos cloud
 11037 | D:11     | Noticed Fannar
 11037 | D:11     | Fannar changed into Fannar the two-headed ogre
 11037 | D:11     | XOM: polymorph Fannar -> Fannar the two-headed ogre
 11044 | D:11     | Killed Fannar the two-headed ogre
 11270 | D:11     | Noticed Sonja
 11270 | D:11     | XOM: summons friendly quasit
 11271 | D:11     | Noticed a cyclops
 11271 | D:11     | Noticed Sonja
 11271 | D:11     | Sonja changed into Sonja the rime drake
 11271 | D:11     | XOM: polymorph Sonja -> Sonja the rime drake
 11276 | D:11     | XOM: butterfly on damage
 11278 | D:11     | XOM: potion effect (brilliance)
 11283 | D:11     | Killed Sonja the rime drake
 11315 | D:11     | Killed a cyclops
 11409 | D:12     | XOM: summons friendly crimson imp
 11428 | D:12     | Noticed a cyclops
 11430 | D:12     | XOM: enchant monster (good)
 11438 | D:12     | Killed a cyclops
 11528 | D:12     | Killed an unseen horror
 11646 | D:12     | Killed from afar by a gargoyle

Skill      XL: |  1  2  3  4  5  6  7  8  9 10 11 |
---------------+----------------------------------+-----
Maces & Flails | 4 5 6 7 8 10 11 12 | 12.7
Armour         | 3 4 6 8 9 10 | 10.3
Fighting       | 6 8 9 |  9.8
Shields        | 4 |  4.9
Dodging        | |  0.7

Action                   |  1- 3 |  4- 6 |  7- 9 | 10-12 || total
-------------------------+-------+-------+-------+-------++-------
Melee: Mace              |   181 |   224 |   305 |   491 ||  1201
       Headbutt          |       |     9 |       |       ||     9
       War axe           |       |       |   102 |       ||   102
       Whip              |       |       |    50 |    44 ||    94
       Great mace        |       |       |       |    81 ||    81
 Fire: Shortbow          |       |       |     2 |       ||     2
Throw: Tomahawk          |       |       |       |     2 ||     2
  Use: Potion            |     5 |     3 |     3 |    10 ||    21
       Scroll            |       |       |     1 |     1 ||     2
 Stab: Paralysed         |     2 |       |     6 |    19 ||    27
       Petrified         |       |     1 |     4 |     9 ||    14
       Petrifying        |       |     1 |     3 |     2 ||     6
       Confused          |       |     1 |     2 |     1 ||     4
       Distracted        |       |       |       |     1 ||     1
  Eat: Chunk             |     2 |     6 |     4 |     7 ||    19
       Ration            |       |       |     3 |     3 ||     6
Armor: Leather armour    |    31 |       |       |       ||    31
       Chain mail        |   106 |   130 |       |       ||   236
       Skin              |    14 |     3 |     7 |     5 ||    29
       Ring mail         |       |    19 |   280 |   486 ||   785
Dodge: Dodged            |    71 |    89 |   197 |   238 ||   595
Block: Shield            |       |       |       |   145 ||   145
